 Dungeon Crawl Stone Soup version 0.30-a0-457-g4b7bca3bfa (webtiles) character file.

Game seed: 7311648142357719685

148 cforsyth the Trooper (level 5, -1/47 HPs)
             Began as a Minotaur Berserker on Dec 13, 2022.
             Was a Believer of Trog.
             Slain by Crazy Yiuf
             ... wielding a +4 quarterstaff of chaos
              (25 damage)
             ... on level 2 of the Dungeon.
             The game lasted 00:02:39 (2304 turns).

cforsyth the Trooper (Minotaur Berserker)           Turns: 2304, Time: 00:02:39

Health: -1/47      AC:  3    Str: 23    XL:     5   Next: 8%
Magic:  1/4        EV: 12    Int:  4    God:    Trog [**....]
Gold:   117        SH:  0    Dex: 10    Spells: 4/4 levels left

rFire   . . .      SeeInvis .    a - +0 hand axe
rCold   . . .      Faith    .    (no shield)
rNeg    . . .      Spirit   .    b - +0 animal skin
rPois   .          Reflect  .    (helmet restricted)
rElec   .          Harm     .    o - +0 cloak
rCorr   .          Rampage  .    (no gloves)
Will    .....                    (no boots)
Stlth   +.........               (no amulet)
HPRegen 0.27/turn                (no ring)
MPRegen 0.09/turn                (no ring)

@: no status effects
A: horns 2, retaliatory headbutt
a: Renounce Religion, Berserk, Trog's Hand


You were on level 2 of the Dungeon.
You worshipped Trog.
Trog was pleased with you.
You visited 1 branch of the dungeon, and saw 2 of its levels.

You collected 117 gold pieces.

Inventory:

Hand Weapons
 a - a +0 hand axe (weapon)
Missiles
 n - a throwing net (quivered)
Armour
 b - a +0 animal skin (worn)
 o - a +0 cloak (worn)
Jewellery
 r - a +6 ring of intelligence
Scrolls
 c - a scroll of identify {unknown}
 e - 3 scrolls of teleportation {unknown}
 g - a scroll of vulnerability {unknown}
 l - a scroll of magic mapping {unknown}
 p - a scroll of poison {unknown}
 q - a scroll of blinking {unknown}
Potions
 d - 2 potions of degeneration {unknown}
 f - a potion of resistance {unknown}
 h - a potion of berserk rage {unknown}
 i - a potion of curing {unknown}
 j - 2 potions of flight {unknown}
 k - a potion of attraction {unknown}
 m - 3 potions of haste {unknown}
 s - a potion of heal wounds {unknown}


   Skills:
 + Level 4.7 Fighting
 + Level 4.6 Axes
 + Level 3.7 Armour
 + Level 3.5 Dodging


You had 4 spell levels left.
You didn't know any spells.
Your spell library was empty.

Dungeon Overview and Level Annotations

Branches:
Dungeon (2/15)

Altars:

Annotations:
D:2 Crazy Yiuf


Innate Abilities, Weirdness & Mutations

You have a pair of horns on your head.
You reflexively headbutt those who attack you in melee.


Message History

Trog accepts your kill.
No target in view!
No target in view!
No target in view!
No target in view!
No target in view!
No target in view!
No target in view!
No target in view!
No target in view!
No target in view!
No target in view!
No target in view!
There is a stone staircase leading down, spattered with blood here.
Things that are here:
a +0 dagger; 3 stones; a kobold corpse
There is a stone staircase leading down, spattered with blood here.
Things that are here:
a +0 dagger; 3 stones; a kobold corpse You see here a rat corpse.
There is a stone staircase leading down here.
Found a hammer.
No target in view!
You see here a +0 hammer.
Found a hammer.
Found a runed translucent door.
No target in view!
Crazy Yiuf shouts!
You see here a +0 hammer.
You see here a +0 hammer.
Crazy Yiuf grits, "Seed eyeball snail!"
No reachable target in view!
You open the door. You barely miss Crazy Yiuf.
Crazy Yiuf hits you with a +4 quarterstaff of chaos!
You feel your power leaking away.
You barely miss Crazy Yiuf. Your headbutt misses Crazy Yiuf.
Crazy Yiuf hits you with a +4 quarterstaff of chaos!
Space warps horribly around you!!
Ouch! That really hurt!
You die...

##...# ###.# #.#
#.### #...## ##♣♣♣♣♣
###..# ###...♣.♣♣♣
### ##.#
##......♣..♣#...#
#.#
#......♣♣♣♣@g...#
#.## #.)#..♣♣
♣♣#..)# #..####
#.###♣♣ ### ##.....
#.## ######.# #..#
#......# ##.### ###
#.###### #...#
###.#########.######
###.#
#...................
#.#
#.#........)......##


You could see Crazy Yiuf.

Vanquished Creatures
  A hound (D:2)
  5 adders (D:2)
  A gnoll (D:1)
  2 worms (D:2)
  A dart slug (D:1)
  6 ball pythons
  3 bats (D:1)
  4 endoplasms
  2 giant cockroaches
  8 goblins
  6 hobgoblins
  2 jackals (D:2)
  3 quokkas
  3 frilled lizards
  6 kobolds
  6 rats
59 creatures vanquished.

Notes
Turn   | Place    | Note
-------+----------+-------------------------------------------
     0 | D:1      | cforsyth the Minotaur Berserker began the quest for the
                  | Orb.
     0 | D:1      | Reached XP level 1. HP: 19/19 MP: 0/0
    61 | D:1      | Reached XP level 2. HP: 21/27 MP: 1/1
   416 | D:1      | Reached XP level 3. HP: 33/33 MP: 2/2
   926 | D:2      | Found a faded altar of an unknown god.
  1139 | D:2      | Reached ** piety under Trog
  1242 | D:2      | Reached XP level 4. HP: 20/40 MP: 3/3
  2045 | D:2      | Reached XP level 5. HP: 47/47 MP: 4/4
  2234 | D:2      | Found a runed translucent door.
  2235 | D:2      | Noticed Crazy Yiuf
  2304 | D:2      | Slain by Crazy Yiuf

Illustrated notes

Levels and vault maps discovered:
D:1:      elethiomel_arrival_infinity_welcomes_careful_drivers, layout_basic,
          minmay_misc_feat_diagonals, st_stairs_11, minmay_misc_feat_pillars
D:2:      minmay_thinvault, layout_loops_ring, ebering_ecumenical_altar_mist,
          uniq_crazy_yiuf_cottage

Skill      XL: |  1  2  3 |
---------------+----------+-----
Axes           | 4 |  4.6
Fighting       | 4 |  4.7
Armour         | 3 |  3.7
Dodging        | 3 |  3.5

Action                   |  1- 3 |  4- 6 || total
-------------------------+-------+-------++-------
Melee: Hand axe          |    74 |    56 ||   130
       Headbutt          |     9 |     4 ||    13
       Punch             |     1 |     1 ||     2
Invok: Berserk           |     1 |       ||     1
Armor: Animal skin       |    12 |    13 ||    25
Dodge: Dodged            |    50 |    31 ||    81

Table legend: (Time is in decaauts)
 A = Elapsed time spent in this place.
 B = Non-inter-level travel time spent in this place.
 C = Inter-level travel time spent in this place.
 D = Time resting spent in this place.
 E = Time spent auto-exploring this place.
 F = Levels seen in this place.
 G = Mean time per level.
                   A        B        C        D        E       F      G
               +--------+--------+--------+--------+--------+-----+--------+
         Total |   2327 |   2287 |     40 |     89 |   1857 |   2 | 1163.5 |
       Dungeon |   2327 |   2287 |     40 |     89 |   1857 |   2 | 1163.5 |
               +--------+--------+--------+--------+--------+-----+--------+

Top non-repeatable levels by time:
     D:2: 1386 daAuts
     D:1: 941 daAuts
